 Dungeon Crawl Stone Soup version 0.28.0 (webtiles) character file.

Game seed: 14354584344907240217

9962 hikkokomori the Fighter (level 11, 0/95 HPs)
             Began as a Formicid Fighter on Feb 14, 2022.
             Was an Initiate of Gozag.
             Slain by Snorg (15 damage)
             ... on level 11 of the Dungeon.
             The game lasted 00:28:11 (11961 turns).

hikkokomori the Fighter (Formicid Fighter)         Turns: 11961, Time: 00:28:12

Health: 0/95       AC: 18    Str: 26    XL:     11   Next: 84%
Magic:  11/11      EV:  6    Int:  7    God:    Gozag
Gold:   429        SH: 17    Dex: 25    Spells: 10/10 levels left

rFire   . . .      SeeInvis +   G - +5 flail of the Immovable Brambles {vorpal, *Rage rC++ Will- Dex+9 SInv}
rCold   + + +      Faith    .   U - +0 kite shield
rNeg    . . .      Spirit   .   t - +0 plate armour
rPois   .          Reflect  +   (helmet unavailable)
rElec   .          Harm     .   (no cloak)
rCorr   .          Rampage  .   q - +0 pair of gloves
Will    .....                   F - +0 pair of boots
Stlth   ..........              g - amulet of reflection
HPRegen 0.25/turn               o - ring of protection from cold
MPRegen 0.12/turn               S - +6 ring of dexterity

@: gold aura, studying Fighting
A: permanent stasis, dig shafts and tunnels, antennae 3, four strong arms
a: Dig, Shaft Self, Renounce Religion, Potion Petition, Call Merchant, Bribe
Branch


You were on level 11 of the Dungeon.
You worshipped Gozag.
Gozag was aware of your devotion.
You visited 2 branches of the dungeon, and saw 12 of its levels.

You collected 987 gold pieces.
You spent 264 gold pieces at shops.
You paid 294 gold pieces to Gozag.

Inventory:

Hand Weapons
 b - the +3 falchion of Pisk {drain, rC- rN+++ Str+3 Int-3}
   (You found it on level 10 of the Dungeon)

   A truly terrible weapon, it drains the life of any living foe it strikes.
   Str:       It affects your strength (+3).
   Int:       It affects your intelligence (-3).
   rC:        It makes you vulnerable to cold.
   rN:        It renders you almost immune to negative energy.
 i - a +2 dagger of speed
 G - the +5 flail of the Immovable Brambles (weapon) {vorpal, *Rage rC++ Will- Dex+9 SInv}
   (You found it on level 4 of the Dungeon)

   It inflicts extra damage upon your enemies.
   Dex:       It affects your dexterity (+9).
   rC:        It greatly protects you from cold.
   SInv:      It lets you see invisible.
   *Rage:     It berserks you when you make melee attacks (+20% chance).
   Will:      It decreases your willpower.
 M - a +0 arbalest
 T - the +6 flail of Integrity {vorpal, rPois rF- Int+3}
   (You found it on level 9 of the Dungeon)

   It inflicts extra damage upon your enemies.
   Int:       It affects your intelligence (+3).
   rF:        It makes you vulnerable to fire.
   rPois:     It protects you from poison.
 V - a +0 broad axe
Missiles
 n - 7 curare-tipped darts
 J - 25 poisoned darts
 K - 4 atropa-tipped darts
Armour
 m - a scarf of harm
 q - a +0 pair of gloves (worn)
 t - a +0 plate armour (worn)
 B - a +3 ring mail of positive energy
 F - a +0 pair of boots (worn)
 U - a +0 kite shield (worn)
Jewellery
 a - a ring of wizardry
 g - an amulet of reflection (around neck)
 l - a ring of positive energy
 o - a ring of protection from cold (left hand)
 p - a ring of willpower
 S - a +6 ring of dexterity (right hand)
Wands
 k - a wand of flame (25)
 D - a wand of iceblast (24)
 N - a wand of mindburst (18)
 Q - a wand of digging (4)
 Y - a wand of polymorph (2)
Scrolls
 c - a scroll of immolation {unknown}
 h - a scroll of holy word {unknown}
 r - 2 scrolls of brand weapon {unknown}
 u - a scroll of fear {unknown}
 w - a scroll of summoning {unknown}
 y - a scroll of enchant weapon
 z - a scroll of enchant armour
 A - 3 scrolls of fog
 C - a scroll of amnesia {unknown}
 E - 2 scrolls of magic mapping
 X - a scroll of silence {unknown}
Potions
 v - a potion of brilliance
 H - 2 potions of curing
 L - a potion of mutation
 O - 3 potions of cancellation {unknown}
 P - 3 potions of haste {unknown}
 W - a potion of heal wounds
 Z - a potion of attraction {unknown}


   Skills:
 + Level 12.0 Fighting
 - Level 9.4(9.9) Axes
 + Level 4.6(7.6) Maces & Flails
 + Level 11.8 Armour
 - Level 4.3 Stealth
 + Level 6.5 Shields
 + Level 3.3 Evocations


You had 10 spell levels left.
You didn't know any spells.
Your spell library contained the following spells:

 Spells                   Type           Power      Damage    Failure   Level
 Animate Skeleton         Necr           0%         N/A       100%        1
 Foxfire                  Conj/Fire      0%         2x1d4     100%        1
 Pain                     Necr           0%         1d4       100%        1
 Scorch                   Fire           0%         2d5       100%        2
 Static Discharge         Conj/Air       0%         N/A       100%        2
 Conjure Flame            Conj/Fire      0%         6-21      100%        3
 Inner Flame              Hex/Fire       0%         N/A       100%        3
 Tukima's Dance           Hex            0%         N/A       100%        3
 Vampiric Draining        Necr           0%         2d6       100%        3
 Anguish                  Hex/Necr       0%         N/A       100%        4
 Dispel Undead            Necr           0%         3d6       100%        4
 Flame Wave               Conj/Fire      0%         2d4       100%        4
 Sticky Flame             Conj/Fire      0%         2d3       100%        4
 Summon Cactus Giant      Summ           0%         N/A       100%        6
 Enfeeble                 Hex            0%         N/A       100%        7


Dungeon Overview and Level Annotations

Branches:
Dungeon (11/15)            Temple (1/1) D:4             Orc (0/2) D:11
   Lair: D:8-11

Altars:
Ashenzari
Cheibriados
Dithmenos
Elyvilon
Fedhas
Gozag
Hepliaklqana
Kikubaaqudgha
Makhleb
Nemelex Xobeh
Okawaru
Qazlal
Ru
Sif Muna
Trog
Uskayaw
Vehumet
Wu Jian
Xom
Yredelemnul
Zin
The Shining One

Shops:
D:2 !   D:4 [*   D:5 *   D:11 (

Annotations:
D:11 Snorg


Innate Abilities, Weirdness & Mutations

You cannot be hasted, slowed, berserked, paralysed or teleported.
You can dig through walls and to a lower floor.
You have a pair of large antennae on your head. (SInv)
Your four strong arms can wield two-handed weapons with a shield.


Message History

Snorg is heavily wounded.
Snorg bites you! You block Snorg's attack. Snorg claws you but does no damage.
You sock Snorg!
Snorg is heavily wounded.
You block Snorg's attack. Snorg claws you.
* * * LOW HITPOINT WARNING * * *
You block Snorg's attack. x2; Snorg claws you.
* * * LOW HITPOINT WARNING * * *
Snorg claws you.
* * * LOW HITPOINT WARNING * * *
You bludgeon Snorg!!
Snorg is severely wounded.
Snorg is distracted by your dazzling golden aura.
You catch the helpless Snorg completely off-guard!
You hit Snorg.
Snorg is no longer distracted by gold.
Snorg is severely wounded.
You block Snorg's attack. Snorg claws you but does no damage.
Snorg barely misses you.
The yak is distracted by your dazzling golden aura.
You block Snorg's attack. Snorg closely misses you.
Snorg claws you but does no damage.
The yak bellows!
You sock Snorg!
Snorg is severely wounded.
The yak is no longer distracted by gold.
You block Snorg's attack. x2; Snorg claws you but does no damage.
You thump Snorg!
Snorg is severely wounded.
Snorg bites you but does no damage. Snorg claws you but does no damage.
You block Snorg's attack. Snorg bites you!
* * * LOW HITPOINT WARNING * * *
Snorg claws you but does no damage. Snorg closely misses you.
Unknown command.
You sock Snorg!
Snorg is almost dead.
Snorg bites you.
* * * LOW HITPOINT WARNING * * *
Snorg claws you!
You die...
Your body crumbles into a pile of gold.

#.# #.#
######.###.############.
#.......................
#.....(....#####.######.
#..###.#...# ##...## #.
#......# #.....# #.
#.##.### ##...##
#..##.##.# ##.##
#........# #@#
#......|.## #T#
#.........# ##Y##
#.###.###.#


#YYY# ###.###.# #.....# #.......#.# #.......# #.###..[#.##.........#
...........+.........+ #.........##.........# You could see Snorg (berserk) and
4 yaks.

Vanquished Creatures
  Fannar (D:11)
  Josephine (D:10)
  A two-headed ogre (D:8)
  A wizard (D:10)
  Joseph (D:7)
  2 trolls
  Prince Ribbit (D:7)
  A shadow (D:10)
  5 wraiths
  A yak (D:11)
  A basilisk (D:10)
  Grum (D:9)
  An acid dragon (D:9)
  2 water moccasins
  Duvessa (D:6)
  5 orc warriors
  An ice beast (D:7)
  2 sky beasts
  A hornet zombie (D:8)
  2 black bears
  4 wolves (D:9)
  4 ogres
  6 centaurs
  A phantom (D:6)
  2 kobold brigands
  3 scorpions
  2 bullfrogs
  A gnoll sergeant (D:9)
  Dowan (D:7)
  5 killer bees (D:9)
  7 howler monkeys
  A centaur zombie (D:7)
  A centaur skeleton (D:7)
  4 hounds
  A jelly (D:4)
  4 orc priests
  Terence (D:2)
  2 iguanas
  8 orc wizards
  A hound zombie (D:4)
  11 gnolls
  9 adders
  A shadow imp (D:5)
  3 white imps
  An ufetubus (D:7)
  An adder zombie (D:5)
  2 worms
  6 dart slugs
  32 orcs
  12 ball pythons
  2 bat zombies (D:9)
  4 endoplasms
  3 giant cockroaches
  8 goblins
  7 hobgoblins
  5 jackals
  3 quokkas
  8 frilled lizards
  19 kobolds
  3 rats
  A rat zombie (D:9)
232 creatures vanquished.

Notes
Turn   | Place    | Note
-------+----------+-------------------------------------------
     0 | D:1      | hikkokomori the Formicid Fighter began the quest for the
                  | Orb.
     0 | D:1      | Reached XP level 1. HP: 18/18 MP: 1/1
   320 | D:1      | Reached XP level 2. HP: 24/24 MP: 2/2
   498 | D:1      | Found a faded altar of an unknown god.
   617 | D:1      | Reached XP level 3. HP: 24/29 MP: 3/3
   928 | D:2      | Found an ancient bone altar of Kikubaaqudgha.
   959 | D:2      | Reached XP level 4. HP: 11/37 MP: 4/4
  1195 | D:2      | Noticed Terence
  1215 | D:2      | Found Jaojeheq's Distillery.
  1661 | D:2      | Killed Terence
  1662 | D:2      | Reached skill level 4 in Fighting
  1770 | D:2      | Reached XP level 5. HP: 42/42 MP: 5/5
  2279 | D:2      | Bought a potion of curing for 42 gold pieces
  2637 | D:3      | Noticed a black bear
  2641 | D:3      | Killed a black bear
  2642 | D:3      | Reached skill level 5 in Shields
  2642 | D:3      | Reached XP level 6. HP: 38/49 MP: 6/6
  3509 | D:4      | Found a staircase to the Ecumenical Temple.
  3518 | Temple   | Entered the Ecumenical Temple
  3571 | D:4      | Found Cafoq's Antique Armour Emporium.
  3573 | D:5      | Entered Level 5 of the Dungeon
  3635 | D:5      | Reached skill level 5 in Fighting
  3635 | D:5      | Reached skill level 5 in Armour
  3635 | D:5      | Reached XP level 7. HP: 12/56 MP: 7/7
  4511 | D:4      | Reached XP level 8. HP: 41/64 MP: 8/8
  4851 | D:4      | Reached skill level 6 in Fighting
  4920 | D:4      | Reached skill level 5 in Axes
  5034 | D:4      | Found Usiaphot's Assorted Antiques.
  5043 | D:4      | Bought a scroll labelled WUGGOF QIBIFE for 28 gold pieces
  5043 | D:4      | Bought an iron wand for 112 gold pieces
  5043 | D:4      | Bought a scroll labelled DYVUFFETWO for 28 gold pieces
  5047 | D:4      | Reached skill level 10 in Fighting
  5047 | D:4      | Reached skill level 10 in Armour
  5047 | D:4      | Reached XP level 9. HP: 78/78 MP: 9/9
  5196 | D:4      | Identified the +5 flail of the Immovable Brambles {vorpal,
                  | *Rage rC++ Will- Dex+9 SInv}
  5511 | D:5      | Found Sulay's Assorted Antiques.
  5794 | D:5      | Found a burning altar of Makhleb.
  6178 | D:6      | Found a sparkling altar of Nemelex Xobeh.
  6684 | D:7      | Noticed Dowan
  6685 | D:7      | Noticed Duvessa
  6694 | D:7      | Killed Dowan
  6698 | D:7      | Noticed Joseph
  6729 | D:6      | Killed Duvessa
  6730 | D:6      | Reached XP level 10. HP: 41/84 MP: 10/10
  6988 | D:7      | Noticed Prince Ribbit
  6992 | D:7      | Killed Prince Ribbit
  6993 | D:7      | Reached skill level 1 in Stealth
  7168 | D:7      | Reached skill level 1 in Maces & Flails
  7241 | D:7      | Killed Joseph
  7974 | D:8      | Noticed a two-headed ogre
  7985 | D:8      | Killed a two-headed ogre
  7986 | D:8      | Reached skill level 11 in Fighting
  8975 | D:1      | Prayed at the altar of an unknown god.
  8975 | D:1      | Became a worshipper of Gozag Ym Sagoz the Greedy
  9149 | D:9      | Found an ornate altar of the Wu Jian Council.
  9274 | D:9      | Identified the +6 flail of Integrity {vorpal, rPois rF-
                  | Int+3}
  9495 | D:9      | Noticed Grum
  9506 | D:9      | Reached XP level 11. HP: 74/93 MP: 11/11
  9516 | D:9      | Killed Grum
 10119 | D:9      | Found an ancient bone altar of Kikubaaqudgha.
 10182 | D:9      | Found a broken altar of Ashenzari.
 10295 | D:10     | Entered Level 10 of the Dungeon
 10422 | D:10     | Reached skill level 1 in Evocations
 10569 | D:10     | Noticed Josephine
 10584 | D:10     | Killed Josephine
 10962 | D:10     | Noticed a wizard
 10980 | D:10     | Killed a wizard
 11039 | D:10     | Found an iron altar of Okawaru.
 11326 | D:10     | Identified the +3 falchion of Pisk {drain, rC- rN+++ Str+3
                  | Int-3}
 11649 | D:11     | Found a staircase to the Orcish Mines.
 11669 | D:11     | Found Vugalec's Weapon Shop.
 11796 | D:11     | Bought 6 curare-tipped darts for 54 gold pieces
 11862 | D:11     | Noticed Fannar
 11880 | D:11     | Killed Fannar
 11881 | D:11     | Reached skill level 12 in Fighting
 11941 | D:11     | Noticed Snorg
 11961 | D:11     | Slain by Snorg

Illustrated notes

Levels and vault maps discovered:
D:1:      kilobyte_arrival_exit_the_forest, layout_basic,
          hellmonk_ecumenical_altar_run_dry
D:2:      layout_rooms, serial_shops, nicolae_shop_waterfront, basic_altar,
          dk_noncrumbling_2, grunt_decor_junction, uniq_terence
D:3:      layout_loops_ring, grunt_decor_cap, minmay_stone_trees_small,
          kennysheep_donut, kennysheep_potato
D:4:      minmay_clustersquares, layout_gridville,
          minmay_temple_entry_statues_fountains, serial_shops, shop,
          nicolae_lakefront_shop, minmay_misc_feat_rugged, grunt_decor_fettered,
          minivault_5
D:5:      layout_loops_ring, general_overflow_altar, serial_shops,
          nicolae_diamond_shop
D:6:      layout_loops_corners, kennysheep_mini_moat, minmay_misc_feat_room
D:7:      layout_gridville, uniq_duvessa, uniq_joseph, uniq_prince_ribbit1
D:8:      layout_basic
D:9:      layout_roguey, lemuel_zombie_altar_kikubaaqudgha,
          nicolae_wu_jian_immortal_techniques, mainiacjoe_overflow_24_doors,
          uniq_grum
D:10:     layout_irregular_city, okawaru_trees_1, uniq_josephine
D:11:     layout_loops_corners, lair_entry_dummy, orc_david_3,
          lightli_elemental_guards, uniq_snorg, uniq_fannar
Temple:   lightli_temple_of_artemis

Skill      XL: |  1  2  3  4  5  6  7  8  9 10 11 |
---------------+----------------------------------+-----
Shields        | 4 5 6 |  6.5
Fighting       | 4 5 10 11 12 | 12.0
Armour         | 4 5 10 11 | 11.8
Axes           | 3 4 8 9 |  9.4
Stealth        | 4 |  4.3
Maces & Flails | 3 4 |  4.6
Evocations     | 3 |  3.3

Action                   |  1- 3 |  4- 6 |  7- 9 | 10-12 || total
-------------------------+-------+-------+-------+-------++-------
Melee: War axe           |    54 |    15 |       |       ||    69
       Morningstar       |       |   198 |   131 |       ||   329
       Flail             |       |       |    66 |   338 ||   404
Throw: Dart              |       |       |       |    15 ||    15
Invok: Potion Petition   |       |       |       |     1 ||     1
 Abil: Dig               |     2 |       |     1 |       ||     3
Evoke: Wand              |       |       |       |     4 ||     4
  Use: Potion            |     1 |     3 |     2 |       ||     6
       Scroll            |       |     1 |     7 |     3 ||    11
 Stab: Distracted        |       |       |       |     4 ||     4
Armor: Scale mail        |    22 |    21 |       |       ||    43
       Chain mail        |       |    98 |     3 |       ||   101
       Plate armour      |       |       |   126 |   191 ||   317
Dodge: Dodged            |    31 |    72 |    51 |    92 ||   246
Block: Buckler           |    14 |   103 |   112 |   148 ||   377
       Reflection        |       |     1 |     5 |    13 ||    19
       Kite shield       |       |       |       |   165 ||   165
